 Dungeon Crawl Stone Soup version 0.21.1-1-g345015f (webtiles) character file.

56 goulibeur the Unweaver (level 3, 0/29 HPs)
             Began as a Demonspawn Abyssal Knight on July 23, 2018.
             Was a Follower of Lugonu.
             Shot with a stone by a goblin (1 damage)
             ... on level 2 of the Dungeon.
             The game lasted 00:03:40 (1298 turns).

goulibeur the Unweaver (Demonspawn Abyssal Knight)  Turns: 1298, Time: 00:03:41

Health: 0/29       AC:  5    Str: 12    XL:     3   Next: 69%
Magic:  0/5        EV: 10    Int: 13    God:    Lugonu [*.....]
Gold:   28         SH:  0    Dex: 13    Spells: 2/2 levels left

rFire    . . .     SeeInvis .   a - +1 short sword
rCold    . . .     Gourm    .   (no shield)
rNeg     . . .     Faith    .   g - +0 ring mail
rPois    .         Spirit   +   (no helmet)
rElec    .         Reflect  .   (no cloak)
rCorr    .         Harm     .   (no gloves)
MR       .....                  (no boots)
Stlth    +.........             (no amulet)
HPRegen  0.09/turn              (no ring)
MPRegen  0.09/turn              (no ring)

@: no status effects
A: magic shield
a: Depart the Abyss, Renounce Religion


You were on level 2 of the Dungeon.
You worshipped Lugonu.
Lugonu was aware of your devotion.
You were very hungry.

You visited 1 branch of the dungeon, and saw 2 of its levels.
You visited the Abyss 1 time.

You collected 28 gold pieces.

Inventory:

Hand Weapons
 a - a +1 short sword (weapon)
Armour
 b - a +0 leather armour
 g - a +0 ring mail (worn)
Scrolls
 d - 2 scrolls of teleportation {unknown}
 e - 2 scrolls of fog {unknown}
 f - a scroll of random uselessness {unknown}
 i - a scroll of remove curse {unknown}
Potions
 j - a potion of resistance {unknown}
Comestibles
 c - a ration


   Skills:
 + Level 3.3 Fighting
 - Level 1.7 Short Blades
 + Level 2.2 Armour
 + Level 1.5 Dodging
 * Level 3.9 Invocations


You had 2 spell levels left.
You didn't know any spells.

Dungeon Overview and Level Annotations

Branches:
Dungeon (2/15)

Altars:


Innate Abilities, Weirdness & Mutations

When hurt, damage is shared between your health and your magic reserves.


Message History

* * * LOW HITPOINT WARNING * * *
A goblin comes into view. It is wielding a dagger.
The goblin shouts!
The goblin unwields an uncursed dagger.
The goblin wields a runed hunting sling.
The goblin shoots a stone.
The stone hits you.
* * * LOW HITPOINT WARNING * * *
x2 The adder closely misses you.
Things that are here:
a stone; a scroll labeled KEARRA LIRUVE The goblin shoots a stone.
The stone hits you.
* * * LOW HITPOINT WARNING * * *
You hit the bat.
You kill the bat!
Lugonu accepts your kill. The adder barely misses you.
The goblin shoots a stone.
The stone hits you but does no damage. The adder bites you.
The goblin shoots a stone.
The stone hits you.
You die...

..##### ....# #.....# .
## #...# #..8..# ..
..##...# ##.8_8.##...
#......## #...8.....g.
#...#..###.r(.......# .
#....#..#..##S....##
...##.##..#.#..K....###
....)(........##@...#
....##..#(#..##..####
... ##.#†#......# ..
#........... .
###..#........
#(...#.###..#.
##...##.#.# #.##.
#..####...###.# #.
...#............


You could see an adder, a goblin and a kobold.

Vanquished Creatures
  2 adders (D:2)
  2 worms (D:2)
  A dart slug (D:1)
  A leopard gecko (D:1)
  5 bats
  A giant cockroach (D:1)
  4 goblins
  5 hobgoblins
  2 ball pythons (D:1)
  3 frilled lizards (D:1)
  2 kobolds (D:1)
  3 rats
31 creatures vanquished.

Notes
Turn   | Place    | Note
-------+----------+-------------------------------------------
     0 | Abyss:1  | goulibeur the Demonspawn Abyssal Knight began the quest for the Orb.
     0 | Abyss:1  | Reached XP level 1. HP: 18/18 MP: 2/2
    15 | Abyss:1  | Found a radiant altar of Vehumet.
    25 | Abyss:1  | Noticed a smoke demon
    26 | D:1      | Escaped the Abyss
    76 | D:1      | Reached skill level 1 in Dodging
   129 | D:1      | Gained mutation: When hurt, damage is shared between your health and your magic reserves. [demonic ancestry]
   129 | D:1      | Reached XP level 2. HP: 21/24 MP: 4/4
   213 | D:1      | Reached * piety under Lugonu
  1095 | D:2      | Reached XP level 3. HP: 29/29 MP: 5/5
  1285 | D:2      | Found a faded altar of an unknown god.
  1295 | D:2      | HP: 1/29 [goblin/stone (1)]
  1298 | D:2      | Shot with a stone by a goblin

Skill      XL: |  1  2 |
---------------+-------+-----
Dodging        | 1 |  1.5
Invocations    | 3 |  3.9
Armour         | 2 |  2.2
Fighting       | |  3.3
Short Blades   | |  1.7

Action                   || total
-------------------------++-------
Melee: Short sword       ||   139
Invok: Depart the Abyss  ||     1
Armor: Leather armour    ||     4
       Ring mail         ||    50
Dodge: Dodged            ||    93
